 Dungeon Crawl Stone Soup version 0.29-a0-824-gd827844252 (webtiles) character file.

Game seed: 2751857139523615037

93466 zazu2006 the Unseen (level 16, -4/140 HPs)
             Began as a Naga Hedge Wizard on June 28, 2022.
             Was a High Priest of Vehumet.
             Killed from afar by Nikola (33 damage)
             ... with an arc of chain lightning
             ... on level 1 of the Swamp on July 11, 2022.
             The game lasted 02:07:58 (35022 turns).

zazu2006 the Unseen (Naga Hedge Wizard)            Turns: 35022, Time: 02:07:59

Health: -4/140     AC: 10    Str: 29    XL:     16   Next: 8%
Magic:  25/31      EV: 13    Int: 19    God:    Vehumet [*****.]
Gold:   2672       SH:  7    Dex: 16    Spells: 11/37 levels left

rFire   + . .      SeeInvis +   N - +7 dagger "Caifiblu" {freeze, Dex+6 Stlth+}
rCold   + + .      Faith    .   x - +1 buckler {reflect}
rNeg    . . .      Spirit   .   I - +0 troll leather armour
rPois   +          Reflect  +   B - +1 hat {Will+}
rElec   +          Harm     .   A - scarf {rC+ rF+}
rCorr   +          Rampage  .   a - +0 pair of gloves of the Foremost Lives {+Inv rElec Str+8 Dex-2}
Will    +++..                   (no barding)
Stlth   ++++++++..              F - amulet of regeneration
HPRegen 1.93/turn               f - ring "Aryblu" {rCorr Str+6 SInv}
MPRegen 0.22/turn               C - ring of protection from cold

@: very slow
A: AC +5, large, see invisible, deformed body, poison resistance, slowness 2,
spit poison 1, naga tail 2
a: Spit Poison, Renounce Religion, Evoke Invisibility


You were on level 1 of the Swamp.
You worshipped Vehumet.
Vehumet was extremely pleased with you.
You visited 4 branches of the dungeon, and saw 24 of its levels.
You visited the Abyss 1 time.
You also visited: Sewer, Ossuary, Bailey, Gauntlet and Ice Cave.

You collected 3216 gold pieces.
You spent 544 gold pieces at shops.

Inventory:

Hand Weapons
 u - a +3 scimitar of holy wrath
 N - the +7 dagger "Caifiblu" (weapon) {freeze, Dex+6 Stlth+}
   (You bought it in a shop on level 2 of the Orcish Mines)

   It freezes those it strikes, dealing additional cold damage.
   It can also slow down cold-blooded creatures.
   Dex:       It affects your dexterity (+6).
   Stlth:     It makes you more stealthy.
 O - the +4 rapier of Armageddon {venom, rC+ rN+ Str-5}
   (You bought it in a shop on level 2 of the Orcish Mines)

   It poisons the flesh of those it strikes.
   Str:       It affects your strength (-5).
   rC:        It protects you from cold.
   rN:        It protects you from negative energy.
Missiles
 t - 2 throwing nets
Armour
 a - the +0 pair of gloves of the Foremost Lives (worn) {+Inv rElec Str+8 Dex-2}
   (You found it in a bailey)

   Str:       It affects your strength (+8).
   Dex:       It affects your dexterity (-2).
   rElec:     It insulates you from electricity.
   +Inv:      It lets you turn invisible.
 m - a +0 buckler of cold resistance
 s - a +2 helmet
 x - a +1 buckler of reflection (worn)
 A - a scarf of resistance (worn)
 B - a +1 hat of willpower (worn)
 I - a +0 troll leather armour (worn)
Jewellery
 f - the ring "Aryblu" (left hand) {rCorr Str+6 SInv}
   (You found it in a Gauntlet)

   [ring of strength]

   Str:       It affects your strength (+6).
   SInv:      It lets you see invisible.
   rCorr:     It protects you from acid and corrosion.
 v - a +6 ring of intelligence
 C - a ring of protection from cold (right hand)
 F - an amulet of regeneration (around neck)
Wands
 p - a wand of digging (6)
 Q - a wand of iceblast (12)
 R - a wand of paralysis (13)
 V - a wand of flame (11)
 X - a wand of acid (11)
Scrolls
 h - 3 scrolls of fear
 j - 5 scrolls of fog
 k - 5 scrolls of teleportation
 l - 3 scrolls of enchant weapon
 o - 4 scrolls of poison
 q - 2 scrolls of amnesia
 E - 16 scrolls of identify
 H - a scroll of summoning
 T - 3 scrolls of magic mapping
Potions
 b - a potion of attraction
 c - 2 potions of mutation
 d - 5 potions of magic
 e - 5 potions of haste
 g - 2 potions of cancellation
 i - 8 potions of flight
 n - 5 potions of curing
 r - 2 potions of brilliance
 D - a potion of ambrosia
 J - 5 potions of lignification
 W - 3 potions of might
 Y - a potion of heal wounds
 Z - a potion of resistance
Miscellaneous
 w - a phantom mirror


   Skills:
 + Level 8.3 Fighting
 + Level 8.0 Short Blades
 + Level 4.7 Armour
 + Level 7.7 Dodging
 + Level 17.8 Stealth
 + Level 5.7 Shields
 + Level 11.2 Spellcasting
 + Level 9.3 Conjurations
 + Level 1.0 Summonings
 + Level 1.3 Translocations
 + Level 1.8 Fire Magic
 + Level 7.6 Air Magic
 * Level 7.3 Earth Magic
 + Level 10.2 Poison Magic
 + Level 3.1 Evocations


You had 11 spell levels left.
You knew the following spells:

 Your Spells              Type           Power      Damage    Failure   Level
a - Magic Dart            Conj           100%       1d8       1%          1
b - Mephitic Cloud        Conj/Pois/Air  45%        N/A       1%          3
c - Conjure Flame         Conj/Fire      31%        6-21      1%          3
d - Blink                 Tloc           30%        N/A       8%          2
e - Poisonous Vapours     Pois/Air       88%        N/A       1%          2
f - Airstrike             Air            19%        0-7+      1%          4
g - Iskenderun's Battles  Conj           46%        2d10      1%          5
h - Iron Shot             Conj/Erth      21%        9d5       12%         6

Your spell library contained the following spells:

 Spells                   Type           Power      Damage    Failure   Level
 Fireball                 Conj/Fire      15%        3d8       7%          5
 Scorch                   Fire           34%        2d7       1%          2
 Freeze                   Ice            40%        1d6       2%          1
 Flame Wave               Conj/Fire      31%        2d8       2%          4
 Hailstorm                Conj/Ice       28%        3d8       3%          4
 Apportation              Tloc           30%        N/A       4%          1
 Summon Small Mammal      Summ           56%        N/A       6%          1
 Frozen Ramparts          Ice            20%        1d4       7%          3
 Necrotise                Necr           40%        1d6       9%          1
 Slow                     Hex            40%        N/A       9%          1
 Call Imp                 Summ           14%        N/A       9%          2
 Summon Lightning Spire   Summ/Air       27%        N/A       14%         4
 Animate Armour           Summ/Erth      52%        N/A       16%         4
 Leda's Liquefaction      Hex/Erth       12%        N/A       19%         4
 Petrify                  Tmut/Erth      24%        N/A       19%         4
 Confusing Touch          Hex            10%        N/A       26%         3
 Vampiric Draining        Necr           10%        2d6       26%         3
 Starburst                Conj/Fire      15%        6d6       32%         6
 Borgnjor's Vile Clutch   Necr/Erth      12%        N/A       47%         5
 Yara's Violent Unravell  Hex/Tmut       5%         3d4       50%         5
 Animate Dead             Necr           10%        N/A       65%         4
 Summon Forest            Summ/Tloc      7%         N/A       83%         5
 Spellforged Servitor     Conj/Summ      15%        N/A       88%         7
 Summon Mana Viper        Hex/Summ       12%        N/A       89%         5
 Blade Hands              Tmut           5%         N/A       94%         5
 Metabolic Englaciation   Hex/Ice        5%         N/A       94%         5
 Statue Form              Tmut/Erth      16%        N/A       96%         6
 Maxwell's Capacitive Co  Air            19%        ∞         99%         8
 Death Channel            Necr           5%         N/A       100%        6
 Summon Cactus Giant      Summ           7%         N/A       100%        6
 Enfeeble                 Hex            5%         N/A       100%        7
 Storm Form               Tmut/Air       12%        N/A       100%        7


Dungeon Overview and Level Annotations

Branches:
Dungeon (15/15)            Temple (0/1) D:5            Lair (6/6) D:10
  Swamp (1/4) Lair:2        Snake (0/4) Lair:3        Slime (0/5) Lair:5
    Orc (2/2) D:10            Elf (0/3) Orc:2        Vaults (0/5) D:14
 Depths (0/4) D:15          Sewer (visited)         Ossuary (visited)
 Bailey (visited)           IceCv (visited)         Gauntlet (visited)

Altars:
Ashenzari
Cheibriados
Elyvilon
Gozag
Hepliaklqana
Kikubaaqudgha
Qazlal
Ru
Sif Muna
Trog
Uskayaw
Vehumet
Jiyva

Shops:
D:1 [   D:9 ?   D:12 *   Orc:2 !(:(

Annotations:
Swamp:1 Nikola


Innate Abilities, Weirdness & Mutations

Your serpentine skin is tough. (AC +5)
You have supernaturally acute eyesight. (SInv)
Armour fits poorly on your strangely shaped body.
Your system is resistant to poisons. (rPois)
You cover ground very slowly.
You can spit poison.
You can use your snake-like lower body to constrict enemies.


Message History

Unknown command.
As you read the scroll of teleportation, it crumbles to dust.
You feel strangely unstable.
The eleionoma seems to regain its courage.
A will-o-the-wisp comes into view.
You block the eleionoma's attack.
You see here a tyrant leech corpse.
The will-o-the-wisp gives a chilling moan.
You hit the eleionoma. You freeze the eleionoma. You grab the eleionoma.
The eleionoma is lightly wounded.
You constrict the eleionoma. The eleionoma hits you!!
* * * LOW HITPOINT WARNING * * *
Unknown command.
You feel much better.
You constrict the eleionoma.
The tyrant leech seems to regain its courage.
The bog body gestures at you while chanting.
The bolt of cold hits you. You resist.
* * * LOW HITPOINT WARNING * * *
The eleionoma hits you!
* * * LOW HITPOINT WARNING * * *
You release your grip on the eleionoma.
Your surroundings suddenly seem different.
Nikola the Mad Inventor comes into view.
He is wielding a +0 rapier of electrocution and wearing a +1 cloak of preservation.
Found 13 gold pieces.
Found an escape hatch in the floor.
You feel stable enough to blink again.
The helpless Nikola fails to defend himself.
You stick Nikola like a pincushion!!!!! You freeze Nikola!!
Your grab misses Nikola.
Nikola is almost dead.
Casting: Blink (safe; 8% risk of failure)
Confirm with . or Enter, or press ? or * to list all spells.
Aiming: Iron Shot (dangerous; 12% risk of failure)
Press: ? - help, Shift-Dir - straight line, f - Nikola
Aim: Nikola, wielding a +0 rapier of electrocution, wearing a +1 cloak of preservation and wearing a +0 pair of gloves (almost dead, 72% to hit)
The iron shot hits Nikola!!
Nikola is almost dead.
Nikola gestures wildly while chanting.
Lightning arcs from Nikola's hands!
The bolt of lightning hits you!! You resist.
You die...

.... ♣... ♣♣.$#
♣♣...# ♣....#
♣≈..## ♣..##
♣.≈♣..#####..
≈...≈♣.@......≈
≈≈≈...≈.≈.@......
≈≈≈.≈≈≈.≈≈≈≈.....
..≈≈≈>♣§§♣.≈≈≈..≈
.....♣♣♣♣♣.≈≈≈≈≈♣
≈§≈≈. .≈≈≈♣♣♣ ≈≈
..≈≈≈ ..≈≈≈♣


You could see Nikola.

Vanquished Creatures
  Rupert (D:13)
  A stone giant (D:15)
  A minotaur (Gauntlet)
  A white draconian (IceCv)
  6 hydras
  2 ogre magi (Orc:2)
  A boulder beetle (D:10)
  2 two-headed ogres
  A merfolk avatar (Lair:6)
  3 centaur warriors
  2 alligators (Swamp:1)
  A death knight (D:15)
  5 tengu warriors
  8 death yaks (Lair:6)
  Urug (Orc:2)
  Nergalle (Lair:2)
  2 sea snakes (Lair:6)
  A deep elf archer (D:14)
  3 orc knights
  2 harpies (Lair:6)
  2 wizards (D:15)
  5 deep elf pyromancers
  2 deep elf zephyrmancers (D:14)
  An oklob plant (Gauntlet)
  4 ugly things
  A manticore (D:15)
  10 orc sorcerers
  6 cyclopes
  15 elephants
  4 black mambas
  A gargoyle (D:14)
  2 torpor snails (Lair:6)
  16 cane toads
  An unseen horror (D:11)
  9 rime drakes
  2 yaktaurs (D:14)
  10 komodo dragons
  A tengu conjurer (D:15)
  6 trolls
  3 polar bears
  8 hornets
  4 tyrant leeches
  12 slime creatures
  20 blink frogs
  11 dream sheep (Lair:5)
  8 wyverns
  4 spriggans (Lair:2)
  2 shadows (D:10)
  A centaur simulacrum (D:15)
  A small abomination (Abyss:2)
  3 vampires
  Eustachio (D:5)
  38 yaks
  A redback (shapeshifter) (D:15)
  A chaos spawn (Gauntlet)
  6 basilisks
  3 steam dragons (Lair:6)
  5 vampire mosquitoes
  Edmund (D:5)
  7 wargs
  2 acid dragons
  A naga (Lair:3)
  14 water moccasins
  Duvessa (D:5)
  25 orc warriors
  5 black bears
  A swamp drake (Swamp:1)
  10 ogres
  A boggart (D:14)
  18 wolves
  7 centaurs
  3 phantoms
  A necrophage (D:5)
  10 kobold brigands
  8 bullfrogs
  2 gnoll sergeants
  Dowan (D:5)
  3 lindwurm simulacra (IceCv)
  17 killer bees
  2 howler monkeys
  3 electric eels (D:9)
  6 komodo dragon simulacra (IceCv)
  3 jellies (Lair:5)
  A centaur zombie (Ossuary)
  2 hounds (D:7)
  2 gnoll boudas
  16 orc priests
  34 orc wizards
  5 iguanas
  2 hell rats (Lair:1)
  6 ogre zombies (D:10)
  6 mummies (Ossuary)
  Robin (D:4)
  9 adders
  21 gnolls
  11 river rats
  7 acid dragon simulacra (IceCv)
  2 shadow imps (D:6)
  4 white imps
  5 steam dragon simulacra (IceCv)
  3 worms
  4 dart slugs
  86 orcs
  7 ball pythons
  4 bats
  2 bat zombies (D:7)
  12 endoplasms
  3 giant cockroaches
  A gnoll zombie (Ossuary)
  9 goblins
  12 hobgoblins
  4 jackals (D:3)
  5 quokkas
  5 frilled lizards
  8 goblin zombies
  2 hobgoblin zombies
  44 kobolds
  A kobold zombie (Ossuary)
  5 orc skeletons (D:10)
  9 orc zombies (D:10)
  30 rats
817 creatures vanquished.

Vanquished Creatures (collateral kills)
  A two-headed ogre (D:8)
  A wyvern (D:8)
  A white imp (D:8)
3 creatures vanquished.

Vanquished Creatures (others)
  A killer bee (D:9)
  2 electric eels (D:9)
  An orc priest (Orc:1)
  An orc (Orc:1)
  14 demonic plants (Gauntlet)
  47 fungi
  93 plants
159 creatures vanquished.

Grand Total: 979 creatures vanquished

Notes
Turn   | Place    | Note
-------+----------+-------------------------------------------
     0 | D:1      | zazu2006 the Naga Hedge Wizard began the quest for the Orb.
     0 | D:1      | Reached XP level 1. HP: 15/15 MP: 4/4
   167 | D:1      | Found Kumynn's Armour Shop.
   253 | D:1      | Reached XP level 2. HP: 22/22 MP: 0/6
   312 | D:1      | Found a faded altar of an unknown god.
  1343 | D:2      | Reached XP level 3. HP: 28/28 MP: 2/8
  1347 | D:2      | Learned a level 3 spell: Mephitic Cloud
  1351 | D:2      | Learned a level 3 spell: Conjure Flame
  1354 | D:2      | Learned a level 2 spell: Blink
  1623 | D:2      | Found a broken altar of Ashenzari.
  2269 | D:2      | Reached XP level 4. HP: 36/36 MP: 3/10
  3082 | D:3      | Reached skill level 1 in Poison Magic
  3082 | D:3      | Reached XP level 5. HP: 14/43 MP: 2/11
  3748 | D:3      | Found a hazy altar of Hepliaklqana.
  4343 | D:4      | Noticed Robin
  4354 | D:4      | Found Foz Dain's CLEARANCE SALE!.
  4362 | D:4      | Killed Robin
  4381 | D:4      | Bought a potion of haste for 40 gold pieces
  4426 | D:4      | Found a glowing drain.
  4444 | Sewer    | Entered a sewer
  4676 | Sewer    | Reached XP level 6. HP: 50/50 MP: 8/13
  5095 | Sewer    | Reached skill level 1 in Short Blades
  5190 | Sewer    | Reached skill level 1 in Fighting
  5485 | Sewer    | Reached XP level 7. HP: 50/57 MP: 11/14
  5492 | Sewer    | Reached skill level 4 in Stealth
  5492 | Sewer    | Reached skill level 5 in Spellcasting
  6024 | D:4      | Found a stormy altar of Qazlal.
  6782 | D:5      | Entered Level 5 of the Dungeon
  6841 | D:5      | Found a radiant altar of Vehumet.
  6855 | D:5      | Became a worshipper of Vehumet
  7494 | D:5      | Reached XP level 8. HP: 64/64 MP: 12/15
  7535 | D:5      | Found a sacrificial altar of Ru.
  7607 | D:5      | Noticed Eustachio
  7618 | D:5      | Noticed Duvessa
  7621 | D:5      | Noticed Dowan
  7629 | D:5      | Killed Eustachio
  7638 | D:5      | Killed Duvessa
  7639 | D:5      | Reached skill level 5 in Poison Magic
  7643 | D:5      | Killed Dowan
  7644 | D:5      | Reached skill level 5 in Stealth
  8084 | D:5      | Found a staircase to the Ecumenical Temple.
  8184 | D:5      | Reached skill level 1 in Air Magic
  8629 | D:5      | Noticed Edmund
  8646 | D:5      | Killed Edmund
  8647 | D:5      | Reached skill level 1 in Shields
  8647 | D:5      | Reached skill level 1 in Evocations
  8897 | D:6      | Reached XP level 9. HP: 74/74 MP: 17/17
  8897 | D:6      | Found a shimmering blue altar of Sif Muna.
  8903 | D:6      | Reached skill level 6 in Stealth
  9572 | D:6      | Reached * piety under Vehumet
  9572 | D:6      | Offered knowledge of Freeze by Vehumet.
 10503 | D:7      | Offered knowledge of Static Discharge by Vehumet.
 10521 | D:7      | Reached ** piety under Vehumet
 10876 | D:7      | Found a snail-covered altar of Cheibriados.
 11011 | D:7      | Noticed a hornet
 11022 | D:7      | Killed a hornet
 11428 | D:7      | Found an ancient bone altar of Kikubaaqudgha.
 11558 | D:7      | Identified the +0 ring mail "Nicunwih" {Will+}
 11727 | D:8      | Noticed a two-headed ogre
 11734 | D:8      | Killed a two-headed ogre
 11735 | D:8      | Reached skill level 7 in Stealth
 11735 | D:8      | Reached XP level 10. HP: 49/85 MP: 19/19
 12099 | D:8      | Found a sand-covered staircase.
 12106 | Ossuary  | Entered an ossuary
 12564 | D:8      | Offered knowledge of Poisonous Vapours by Vehumet.
 12568 | D:8      | Learned a level 2 spell: Poisonous Vapours
 12623 | D:8      | Reached skill level 8 in Stealth
 12853 | D:8      | Reached skill level 5 in Conjurations
 14037 | D:9      | Reached skill level 5 in Dodging
 14057 | D:9      | Reached skill level 9 in Stealth
 14059 | D:9      | Reached *** piety under Vehumet
 14087 | D:9      | Found a flagged portal.
 14102 | Bailey   | Entered a bailey
 14230 | Bailey   | Offered knowledge of Airstrike by Vehumet.
 14271 | Bailey   | Reached XP level 11. HP: 77/93 MP: 18/21
 14276 | Bailey   | Learned a level 4 spell: Airstrike
 14399 | Bailey   | Identified the +0 pair of gloves of the Foremost Lives
                  | {+Inv rElec Str+8 Dex-2}
 14732 | D:9      | Found Jaopseh's Magic Scroll Shop.
 14755 | D:9      | Bought 2 scrolls of identify for 52 gold pieces
 14755 | D:9      | Bought a scroll of identify for 26 gold pieces
 14755 | D:9      | Bought a scroll of identify for 26 gold pieces
 14910 | D:9      | Reached skill level 10 in Stealth
 14916 | D:9      | Reached **** piety under Vehumet
 14924 | D:9      | Noticed a two-headed ogre
 14951 | D:9      | Killed a two-headed ogre
 15173 | D:9      | Offered knowledge of Irradiate by Vehumet.
 15840 | D:9      | Found an opulent altar of Gozag.
 16123 | D:10     | Entered Level 10 of the Dungeon
 16288 | D:10     | Found a staircase to the Orcish Mines.
 16858 | D:10     | Found a hide-covered altar of Uskayaw.
 16911 | D:10     | Reached ***** piety under Vehumet
 17063 | D:10     | Offered knowledge of Iskenderun's Battlesphere by Vehumet.
 17070 | D:10     | Learned a level 5 spell: Iskenderun's Battlesphere
 17168 | D:10     | Found a staircase to the Lair.
 17808 | Orc:1    | Entered Level 1 of the Orcish Mines
 17837 | Orc:2    | Entered Level 2 of the Orcish Mines
 17846 | Orc:1    | Noticed an orc knight
 17849 | Orc:1    | Found a frozen archway.
 17859 | IceCv    | Entered an ice cave
 17873 | IceCv    | Reached skill level 1 in Fire Magic
 18281 | IceCv    | Learned a level 4 spell: Flame Wave
 18446 | IceCv    | Reached skill level 5 in Fighting
 19060 | IceCv    | Noticed a white draconian
 19156 | IceCv    | Reached skill level 1 in Armour
 19327 | IceCv    | Killed a white draconian
 19591 | Orc:1    | Upgraded the game from 0.29-a0-721-g7f417c9bbb to
                  | 0.29-a0-824-gd827844252
 19593 | Orc:1    | Noticed an orc knight
 19796 | Orc:2    | Noticed an orc sorcerer
 19811 | Orc:2    | Killed an orc sorcerer
 19812 | Orc:2    | Reached XP level 12. HP: 69/103 MP: 19/24
 20021 | Orc:2    | Noticed Urug
 20050 | Orc:2    | Killed Urug
 20051 | Orc:2    | Reached skill level 5 in Air Magic
 20165 | Orc:2    | Found a staircase to the Elven Halls.
 20302 | Orc:2    | Found Goxkys's Book Shop.
 20318 | Orc:2    | Reached skill level 11 in Stealth
 20363 | Orc:2    | Found an ancient bone altar of Kikubaaqudgha.
 20413 | Orc:2    | Noticed an ogre mage
 20427 | Orc:2    | Killed an ogre mage
 20533 | Orc:2    | Found Wovino Jiytt's Antique Weapon Shop.
 20540 | Orc:2    | Noticed an ogre mage
 20576 | Orc:2    | Killed an ogre mage
 20584 | Orc:2    | Found a radiant altar of Vehumet.
 20614 | Orc:2    | Offered knowledge of Lee's Rapid Deconstruction by Vehumet.
 20615 | Orc:2    | Reached skill level 5 in Shields
 20622 | Orc:2    | Bought a faintly glowing dagger for 175 gold pieces
 20622 | Orc:2    | Identified the +7 dagger "Caifiblu" {freeze, Dex+6 Stlth+}
                  | (You bought it in a shop on level 2 of the Orcish Mines)
 20622 | Orc:2    | Bought a smoking rapier for 225 gold pieces
 20622 | Orc:2    | Identified the +4 rapier of Armageddon {venom, rC+ rN+
                  | Str-5} (You bought it in a shop on level 2 of the Orcish
                  | Mines)
 20643 | Orc:2    | Found Bumophu's Distillery.
 20672 | Orc:2    | Found Igaun's Antique Weapon Boutique.
 21445 | Orc:1    | Reached skill level 5 in Short Blades
 22302 | D:11     | Found the +18 Lear's hauberk
 22324 | D:11     | Noticed a seven-headed hydra
 22369 | D:11     | Killed a seven-headed hydra
 22460 | D:11     | Noticed a boulder beetle
 22692 | Lair:1   | Entered Level 1 of the Lair of Beasts
 22726 | Lair:1   | Gained mutation: You can use your snake-like lower body to
                  | constrict enemies. [Naga growth]
 22726 | Lair:1   | Reached XP level 13. HP: 29/111 MP: 6/26
 22799 | Lair:1   | Reached skill level 12 in Stealth
 22921 | Lair:1   | Found a gate leading to a gauntlet.
 22944 | Gauntlet | Entered a Gauntlet
 22944 | Gauntlet | Found a transporter.
 22944 | Gauntlet | Found a runed translucent door.
 22944 | Gauntlet | Found a transporter.
 22944 | Gauntlet | Found a transporter.
 22944 | Gauntlet | Found a runed translucent door.
 22945 | Gauntlet | Found a transporter.
 22946 | Gauntlet | Found a transporter.
 22949 | Gauntlet | Found a transporter.
 22958 | Gauntlet | Found a transporter.
 22959 | Gauntlet | Found a transporter.
 22960 | Gauntlet | Found a transporter.
 22960 | Gauntlet | Found a large runed translucent door.
 22961 | Gauntlet | Found a large runed translucent door.
 22962 | Gauntlet | Found a large runed translucent door.
 22962 | Gauntlet | Found a large runed translucent door.
 22962 | Gauntlet | Found a runed translucent door.
 22963 | Gauntlet | Found a large runed translucent door.
 22964 | Gauntlet | Found a large runed translucent door.
 22965 | Gauntlet | Found a large runed translucent door.
 22965 | Gauntlet | Found a large runed translucent door.
 22966 | Gauntlet | Found a runed translucent gate.
 22966 | Gauntlet | Found a runed translucent gate.
 22966 | Gauntlet | Noticed a dire elephant
 22968 | Gauntlet | Found a transporter.
 22968 | Gauntlet | Found a transporter.
 22992 | Gauntlet | Found a transporter.
 23063 | Gauntlet | Found a large runed translucent door.
 23064 | Gauntlet | Found a large runed translucent door.
 23065 | Gauntlet | Found a large runed translucent door.
 23065 | Gauntlet | Found a large runed translucent door.
 23065 | Gauntlet | Found a runed translucent door.
 23066 | Gauntlet | Found a large runed translucent door.
 23067 | Gauntlet | Found a large runed translucent door.
 23068 | Gauntlet | Found a large runed translucent door.
 23068 | Gauntlet | Found a large runed translucent door.
 23072 | Gauntlet | Found a runed translucent gate.
 23394 | Gauntlet | Identified the ring "Aryblu" {rCorr Str+6 SInv}
 23527 | Gauntlet | Noticed a minotaur
 23539 | Gauntlet | Killed a minotaur
 24430 | Lair:2   | Found a staircase to the Swamp.
 24441 | Lair:2   | Offered knowledge of Freezing Cloud by Vehumet.
 24558 | Lair:2   | Reached skill level 13 in Stealth
 24775 | Lair:2   | Identified the +8 quarterstaff "Ysuudwy" {freeze, rN++
                  | rCorr MP+9 Stlth-}
 25040 | Lair:2   | Noticed Nergalle
 25047 | Lair:2   | Killed Nergalle
 25411 | Lair:3   | Found a staircase to the Snake Pit.
 25567 | Lair:3   | You fall into a shaft and drop 3 floors!
 25567 | Lair:6   | Entered Level 6 of the Lair of Beasts
 25583 | Lair:6   | Reached skill level 14 in Stealth
 25790 | Lair:6   | Learned a level 6 spell: Iron Shot
 25846 | Lair:6   | Reached XP level 14. HP: 87/123 MP: 14/27
 25852 | Lair:6   | Reached skill level 1 in Earth Magic
 25871 | Lair:6   | Reached skill level 10 in Spellcasting
 26156 | Lair:6   | Got the Disquisition on Hurtful Malediction
 26211 | Lair:6   | Reached skill level 15 in Stealth
 26269 | Lair:6   | Offered knowledge of Conjure Ball Lightning by Vehumet.
 27099 | D:11     | Reached skill level 16 in Stealth
 27878 | D:12     | Found Izacot's Assorted Antiques.
 28086 | D:12     | Reached skill level 5 in Earth Magic
 28252 | D:12     | You fall into a shaft and drop 1 floor!
 28287 | D:13     | Reached XP level 15. HP: 121/132 MP: 29/29
 28344 | D:13     | Noticed Rupert
 30386 | Lair:5   | Offered knowledge of Spellforged Servitor by Vehumet.
 30513 | Lair:5   | Found a staircase to the Slime Pits.
 30513 | Lair:5   | Found a viscous altar of Jiyva.
 31226 | D:13     | Killed Rupert
 31299 | D:13     | Found a bloodstained altar of Trog.
 31570 | D:13     | Reached skill level 17 in Stealth
 32222 | D:14     | Found a white marble altar of Elyvilon.
 32508 | D:14     | Reached skill level 10 in Poison Magic
 32572 | D:14     | Found a gate to the Vaults.
 33471 | D:15     | Entered Level 15 of the Dungeon
 33527 | Abyss:2  | Cast into level 2 of the Abyss (a wizard)
 33585 | Abyss:2  | Noticed a tentacled starspawn
 33625 | D:15     | Escaped the Abyss
 33629 | D:15     | Offered knowledge of Fireball by Vehumet.
 33846 | D:15     | Paralysed by a hornet for 2 turns
 34387 | D:15     | Reached XP level 16. HP: 112/140 MP: 31/31
 34628 | D:15     | Found a staircase to the Depths.
 34910 | Swamp:1  | Entered Level 1 of the Swamp
 35018 | Swamp:1  | Noticed Nikola
 35022 | Swamp:1  | Killed from afar by Nikola

Illustrated notes

Levels and vault maps discovered:
D:1:      heliophobic_arrival_ceremonial_halls, layout_loops_cross,
          ebering_ecumenical_altar_rust, serial_shops, nicolae_shop_stone
D:2:      layout_basic, basic_altar
D:3:      layout_loops_ring, mainiacjoe_overflow_small_starburst
D:4:      layout_loops_corners, lemuel_tele_altar, portal_sewer_entry_d,
          minmay_misc_feat_doors, nicolae_shop_clearance, uniq_robin
D:5:      layout_basic, nicolae_ru_the_path_less_chosen, vehumet_altar_wand_db,
          minmay_temple_entry_antechambers, serial_glass, glass_columns_a,
          glass_columns_b, corexii_leaking_fountain, uniq_duvessa, uniq_edmund,
          uniq_eustachio
D:6:      layout_loops_cross, nicolae_sif_muna_condensation, grunt_decor_cap
D:7:      layout_basic, mainiacjoe_overflow_tiny_flanked,
          lemuel_zombie_altar_kikubaaqudgha
D:8:      layout_layer_cave, nicolae_ossuary_entry_ruins, minmay_crossroads
D:9:      wad_lake_hut, layout_basic,
          nicolae_gozag_cash_rules_everything_around_me, serial_shops,
          nicolae_shop_waterfront, enter_bailey_4, dreamdust_princess_corridor
D:10:     layout_loops_ring, mainiacjoe_overflow_alcove_1,
          erik_lair_orcish_takeover, zombieorc1_lemuel,
          nicolae_fountain_basement
D:11:     layout_cave_pods
D:12:     layout_cave_pools, serial_shops, shop_statue
D:13:     layout_loops_corners, nicolae_wwwww, tgw_trog, uniq_rupert
D:14:     layout_irregular_city, hangedman_vaults_entry_quadrant_bands,
          nicolae_elyvilon_temple_path
D:15:     hangedman_depths_entry_civil_slaughter, layout_loops_corners,
          hangedman_decor_clover_reticule, minivault_25, dreamdust_wasp_nest
Lair:1:   layout_long_grid, gauntlet_entry_generic, wad_woods_road_02,
          minmay_holes, kennysheep_abandoned_house
Lair:2:   kb_forest_paths, layout_big_grid, swamp_mist, uniq_nergalle
Lair:3:   layout_hall_layers, guppyfry_snake_entry_garden
Lair:4:   layout_cave_pods, serial_bayou_shore_b
Lair:5:   layout_misc_corridors, nicolae_slime_entry_slimehenge,
          lemuel_fruit_fields
Lair:6:   gammafunk_lair_ancient_temple, layout_long_grid, serial_bayou_shore_b
Swamp:1:  layout_basic_swamp, evilmike_swamp_ruin_house_3, swamp_pool5,
          infiniplex_staircase_pool_2, uniq_nikola
Orc:1:    layout_caves, portal_ice_cave_entry_pillars_1
Orc:2:    kennysheep_orc_mage_school, layout_diamond_mine, uniq_urug

Skill      XL: |  1  2  3  4  5  6  7  8  9 10 11 12 13 14 15 16 |
---------------+-------------------------------------------------+-----
Spellcasting   | 4 5 6 8 9 10 11 | 11.2
Conjurations   | 2 3 4 5 6 7 8 9 |  9.3
Poison Magic   | 1 2 3 4 5 6 7 8 9 10 | 10.2
Dodging        | 2 3 4 5 6 7 |  7.7
Short Blades   | 1 2 3 4 5 6 7 8 |  8.0
Fighting       | 1 2 4 5 6 7 8 |  8.3
Stealth        | 4 5 7 9 10 11 14 16 17 | 17.8
Air Magic      | 1 2 3 4 5 6 7 |  7.6
Shields        | 1 4 5 |  5.7
Evocations     | 1 2 3 |  3.1
Fire Magic     | 1 |  1.8
Armour         | 1 3 4 |  4.7
Earth Magic    | 5 7 |  7.3
Summonings     | |  1.0
Translocations | |  1.3

Action                   |  1- 3 |  4- 6 |  7- 9 | 10-12 | 13-15 | 16-18 || total
-------------------------+-------+-------+-------+-------+-------+-------++-------
Melee: Dagger            |     2 |   139 |    75 |   137 |  1013 |    29 ||  1395
       Short sword       |       |       |   229 |   683 |       |       ||   912
       Punch             |       |       |     1 |     1 |       |       ||     2
       Constrict         |       |       |       |       |   189 |     7 ||   196
 Cast: Magic Dart        |    87 |   102 |    69 |   200 |    68 |       ||   526
       Mephitic Cloud    |       |     3 |    37 |   116 |   120 |     8 ||   284
       Conjure Flame     |       |       |     1 |    31 |    23 |       ||    55
       Poisonous Vapours |       |       |       |     8 |     2 |       ||    10
       Airstrike         |       |       |       |    16 |    27 |       ||    43
       Flame Wave        |       |       |       |     2 |       |       ||     2
       Blink             |       |       |       |     6 |     6 |     1 ||    13
       Iskenderun's Batt |       |       |       |    14 |    15 |       ||    29
       Iron Shot         |       |       |       |       |     5 |     1 ||     6
 Abil: Spit Poison       |     8 |     7 |    17 |    19 |     1 |       ||    52
Evoke: Wand              |       |     9 |    10 |    32 |       |       ||    51
       Phantom mirror    |       |       |       |       |     1 |       ||     1
  Use: Scroll            |       |     4 |    11 |    12 |     7 |     2 ||    36
       Potion            |       |     2 |     2 |     6 |     4 |     1 ||    15
 Stab: Confused          |       |     1 |    13 |    52 |    92 |     5 ||   163
       Sleeping          |       |     1 |     3 |     4 |    36 |     3 ||    47
       Paralysed         |       |       |       |     7 |       |       ||     7
       Distracted        |       |       |       |     2 |     1 |       ||     3
       Fleeing           |       |       |       |       |       |     1 ||     1
Armor: Robe              |     4 |    38 |    85 |    75 |       |       ||   202
       Troll leather arm |       |       |       |   117 |   263 |     3 ||   383
Dodge: Dodged            |     7 |    93 |   154 |   381 |   426 |     3 ||  1064
Block: Buckler           |       |       |       |   165 |   195 |     6 ||   366
       Reflection        |       |       |       |       |     1 |       ||     1

Table legend: (Time is in decaauts)
 A = Elapsed time spent in this place.
 B = Non-inter-level travel time spent in this place.
 C = Inter-level travel time spent in this place.
 D = Time resting spent in this place.
 E = Time spent auto-exploring this place.
 F = Levels seen in this place.
 G = Mean time per level.
                   A        B        C        D        E       F      G
               +--------+--------+--------+--------+--------+-----+--------+
         Total |  42381 |  40223 |   2158 |   3133 |  27493 |  30 | 1412.7 |
       Dungeon |  25851 |  24513 |   1338 |    973 |  19196 |  15 | 1723.4 |
          Lair |   7882 |   7264 |    618 |    459 |   4819 |   6 | 1313.7 |
         Swamp |     99 |     99 |      0 |      0 |     30 |   1 |   99.0 |
  Orcish Mines |   3200 |   2999 |    201 |    409 |   1667 |   2 | 1600.0 |
         Abyss |    130 |    130 |      0 |      0 |      0 |   1 |  130.0 |
         Sewer |   1383 |   1383 |      0 |      0 |   1124 |   1 | 1383.0 |
       Ossuary |    492 |    492 |      0 |     82 |    249 |   1 |  492.0 |
        Bailey |    734 |    734 |      0 |     70 |    327 |   1 |  734.0 |
      Ice Cave |   1893 |   1893 |      0 |    920 |     76 |   1 | 1893.0 |
      Gauntlet |    712 |    712 |      0 |    219 |      0 |   1 |  712.0 |
               +--------+--------+--------+--------+--------+-----+--------+

Top non-repeatable levels by time:
     D:5: 2351 daAuts
   Orc:2: 2312 daAuts
     D:8: 2310 daAuts
    D:10: 2245 daAuts
     D:9: 2100 daAuts
   IceCv: 1893 daAuts
     D:2: 1862 daAuts
  Lair:6: 1746 daAuts
     D:6: 1743 daAuts
     D:4: 1718 daAuts
     D:7: 1669 daAuts
    D:14: 1600 daAuts
     D:1: 1593 daAuts
  Lair:1: 1521 daAuts
    D:13: 1476 daAuts
